 Dungeon Crawl Stone Soup version 0.13-a0-2519-g3c5fe84 (webtiles) character file.

12153 JacquesDerrida the Cloud Mage (level 11, -3/54 HPs)
             Began as a Tengu Air Elementalist on July 24, 2013.
             Was a High Priest of Sif Muna.
             Killed from afar by an eidolon (31 damage)
             ... with a bolt of negative energy
             ... on Level 1 of the Abyss.
             The game lasted 01:07:24 (15007 turns).

JacquesDerrida the Cloud Mage (TeAE)               Turns: 15007, Time: 01:07:24

HP  -3/54        AC 12     Str 14      XL: 11   Next: 79%
MP  28/29        EV 15     Int 20      God: Sif Muna [*****.]
Gold 583         SH  0     Dex 14      Spells:  7 memorised, 11 levels left

Res.Fire  : . . .   See Invis. : .   C - +0,+2 orc hammer (drain)
Res.Cold  : . . .   Warding    : .   A - +3 leather armour {MR+}
Life Prot.: . . .   Conserve   : .   (no shield)
Res.Poison: +       Res.Corr.  : .   (helmet restricted)
Res.Elec. : .       Clarity    : .   f - +2 cloak {rPois}
Sust.Abil.: . .     Spirit.Shd : .   q - +2 pair of gloves "Ziurheusch" {+Blink MR+ Res.Mut. : . Stasis : . (boots unavailable) Res.Rott. : . Flight : . p - amulet of rage Saprovore : . . . n - ring of protection from magic D - +6 ring of strength

@: very slightly contaminated, hasted, drained, very quick, extraordinarily
resistant to hostile enchantments, very unstealthy
A: able to fly, beak, talons 3
a: Fly, Channel Energy, Forget Spell, Renounce Religion, Evoke Blink, Evoke
Berserk Rage


You were on level 1 of the Abyss.
You worshipped Sif Muna.
Sif Muna was exalted by your worship.
You were not hungry.

You visited 2 branches of the dungeon, and saw 13 of its levels.
You visited the Abyss 1 time.
You also visited: Labyrinth.

You collected 787 gold pieces.
You spent 224 gold pieces at shops.

Inventory:

Hand weapons
 s - a +0,+1 trident of pain
 C - a +0,+2 orcish hammer of draining (weapon)
Armour
 a - a +0 robe
 d - a +1 pair of gauntlets
 f - a +2 cloak of poison resistance (worn)
 q - the +2 pair of gloves "Ziurheusch" (worn) {+Blink MR++ Acc+5 Dam+4}
   (You acquired it on level 11 of the Dungeon)

   It affects your accuracy (+5).
   It affects your damage-dealing abilities (+4).
   It affects your resistance to hostile enchantments.
   It lets you blink.
 A - a +3 leather armour of magic resistance (worn)
 E - the +1 pair of boots of Mysticism {rPois Dam-4}
   (You found it on level 7 of the Dungeon)

   It affects your damage-dealing abilities (-4).
   It protects you from poison.
 I - the cursed -2 robe "Stremyukk" {SInv Stlth+, unknown}
   (You found it on level 1 of the Abyss)

   It enhances your eyesight.
   It makes you much more stealthy.
   It has a curse placed upon it.
Magical devices
 j - a wand of paralysis (7)
 k - a wand of hasting (3)
 m - a wand of flame (5)
 F - a wand of cold (5)
 G - a wand of paralysis (7)
 L - a wand of disintegration (18) {unknown}
Comestibles
 c - 5 bread rations
 O - a meat ration
Scrolls
 e - 2 scrolls of recharging
 g - a scroll of magic mapping
 i - 2 scrolls of remove curse
 l - a scroll of enchant weapon II
 o - 6 scrolls of identify
 r - a scroll of fear
 v - a scroll of enchant weapon I
 y - a scroll of blinking
 B - 3 scrolls of curse armour
 H - a scroll of teleportation
Jewellery
 n - a ring of protection from magic (right hand)
 p - an amulet of rage (around neck)
 t - an uncursed ring of protection from cold {unknown}
 u - an uncursed ring of hunger {unknown}
 x - an uncursed amulet of resist corrosion {unknown}
 D - a +6 ring of strength (left hand)
Potions
 h - 3 potions of curing
 K - a potion of might
 M - 2 potions of magic
 N - a potion of brilliance
 P - a potion of heal wounds
 S - a potion of flight
Books
 b - a book of Air

   Spells                             Type                      Level
   *Shock                             Conjuration/Air              1
   *Swiftness                         Charms/Air                   2
   *Repel Missiles                    Charms/Air                   2
   *Flight                            Charms/Air                   3
   *Static Discharge                  Conjuration/Air              3
   *Lightning Bolt                    Conjuration/Air              5
 w - a book of Flames

   Spells                             Type                      Level
   Flame Tongue                       Conjuration/Fire             1
   *Throw Flame                       Conjuration/Fire             2
   Conjure Flame                      Conjuration/Fire             3
   Inner Flame                        Hexes/Fire                   3
   Sticky Flame                       Conjuration/Fire             4
   Fireball                           Conjuration/Fire             5
 z - a book of Geomancy

   Spells                             Type                      Level
   Sandblast                          Earth                        1
   Stoneskin                          Transmutation/Earth          2
   Passwall                           Transmutation/Earth          3
   Stone Arrow                        Conjuration/Earth            3
   Petrify                            Transmutation/Earth          4
   Lee's Rapid Deconstruction         Earth                        5
 J - a book of the Tempests

   Spells                             Type                      Level
   *Static Discharge                  Conjuration/Air              3
   *Lightning Bolt                    Conjuration/Air              5
   Fireball                           Conjuration/Fire             5
   Tornado                            Air                          9
   Shatter                            Earth                        9


   Skills:
 - Level 7.4(6.8) Dodging
 - Level 2.0(1.5) Stealth
 + Level 9.7(9.1) Spellcasting
 - Level 10.4(9.7) Conjurations
 + Level 14.4(13.7) Air Magic


You had 11 spell levels left.
You knew the following spells:

 Your Spells              Type           Power        Failure   Level  Hunger
a - Shock                 Conj/Air       ####         1%          1    None
b - Repel Missiles        Chrm/Air       #####.....   1%          2    None
c - Swiftness             Chrm/Air       #####.....   1%          2    None
d - Static Discharge      Conj/Air       ######..     1%          3    None
e - Lightning Bolt        Conj/Air       ######....   1%          5    ####...
f - Throw Flame           Conj/Fire      ####..       1%          2    None
g - Flight                Chrm/Air       #####.....   1%          3    None


Dungeon Overview and Level Annotations

Branches:
Dungeon (12/27)            Temple (1/1) D:5             Orc (0/4) D:11
   Lair: D:8-13

Altars:
Ashenzari
Elyvilon
Kikubaaqudgha
Makhleb
Okawaru
Sif Muna
Trog
Xom
Yredelemnul
Zin
the Shining One

Shops:
D:9: % D:10: [

Annotations
D:10 JogiH's ghost, experienced DjFE
D:11 exclusions: oklob plant and oklob sapling Lab Donald


Innate Abilities, Weirdness & Mutations

You can fly.
You have a beak for a mouth.
You have claws for feet.


Message History

The eidolon gives a chilling moan.
The shadow imp barely misses you. The shadow imp barely misses you.
The shadow imp lashes its tail.
Found a distressingly furry robe.
Casting: Throw Flame
Confirm with . or Enter, or press ? or * to list all spells.
You feel quick. The shadow imp barely misses you.
You see here a distressingly furry robe.
I - a distressingly furry robe Evoke which item? (* to show all) (? for menu, Esc to quit)
Zapping:
k - a wand of hasting (4)
Press: ? - help, Shift-Dir - straight line, f - you You feel yourself speed up.
This wand has 3 charges left.
The eidolon stares piercingly at you.
The bolt of negative energy hits the shadow imp.
The shadow imp completely resists.
The bolt of negative energy hits you!
You feel drained.
Ouch! That really hurt!
You die...

#.#.....§........##
#......#.#.........
....##......#.#...#
#.#.#...... ......
..........##..##.#
.###...W.#.##...
#.###.5........
#...#..#.#.....
....##.@.#..###
.### #...##.# #..##
..# ..## #. ..# .##
§.


You could see an eidolon and a shadow imp.

Vanquished Creatures
  Nergalle (D:12)
  2 hill giants
  Joseph (D:8)
  2 cyclopes
  A hydra zombie (D:10)
  Prince Ribbit (D:9)
  A two-headed ogre (D:9)
  12 yaks (D:10)
  Eustachio (D:3)
  2 hippogriffs
  2 hungry ghosts
  2 orc warriors
  3 phantoms
  3 ice beasts
  3 ogres
  2 sky beasts
  8 centaurs
  A crocodile (D:11)
  Duvessa (D:8)
  5 giant frogs
  Blork the orc (D:4)
  A gnoll sergeant (D:11)
  11 big kobolds (D:8)
  2 water moccasins
  An eye of draining (D:10)
  6 killer bees
  A yak skeleton (D:11)
  3 wights (D:10)
  2 goliath beetles (D:11)
  7 crimson imps
  A quasit (D:6)
  Dowan (D:8)
  3 electric eels (D:11)
  6 orc priests
  4 hounds
  7 orc wizards
  A big fish (D:11)
  4 iguanas
  A scorpion (D:9)
  8 worker ants
  Jessica (D:6)
  6 jellies
  A sky beast zombie (D:10)
  2 hound skeletons
  12 gnolls
  16 adders
  A steam dragon zombie (D:8)
  A giant mite (D:10)
  An inept feature mimic (D:6)
  6 worms
  An adder zombie (D:8)
  2 giant eyeballs
  5 giant geckos
  2 oozes
  36 orcs
  15 ball pythons
  A bat zombie (D:5)
  14 goblins
  14 hobgoblins
  28 jackals
  33 kobolds
  3 quokkas
  19 bats
  2 giant cockroaches
  2 giant newts
  A giant spore (D:9)
  A kobold skeleton (D:8)
  2 kobold zombies
  An orc zombie (D:10)
  14 rats
  9 ballistomycetes
377 creatures vanquished.

Vanquished Creatures (others)
  A quasit (D:9)
  A ball python (D:11)
  A giant spore (D:7)
  A butterfly (D:11)
  A plant (D:11)
  2 starspawn tentacles (Abyss:1)
  6 starspawn tentacle segments (Abyss:1)
13 creatures vanquished.

Grand Total: 390 creatures vanquished

Notes
Turn   | Place    | Note
--------------------------------------------------------------
     0 | D:1      | JacquesDerrida, the Tengu Air Elementalist, began the quest for the Orb.
     0 | D:1      | Reached XP level 1. HP: 10/10 MP: 3/3
   138 | D:1      | Reached XP level 2. HP: 15/15 MP: 1/5
   594 | D:1      | Reached XP level 3. HP: 13/19 MP: 5/7
  1503 | D:2      | Reached XP level 4. HP: 24/24 MP: 5/9
  1921 | D:2      | Found a glowing golden altar of the Shining One.
  2043 | D:2      | Learned a level 2 spell: Repel Missiles
  2056 | D:2      | Learned a level 2 spell: Swiftness
  2060 | D:2      | Learned a level 3 spell: Static Discharge
  2875 | D:3      | Reached XP level 5. HP: 7/28 MP: 2/13
  3771 | D:4      | Reached XP level 6. HP: 13/32 MP: 5/16
  4621 | D:4      | Noticed Blork the orc
  4638 | D:4      | Killed Blork the orc
  4766 | D:4      | Reached skill level 5 in Conjurations
  4841 | D:4      | Noticed Eustachio
  4870 | D:4      | Learned a level 5 spell: Lightning Bolt
  4882 | D:4      | Paralysed by a giant eyeball for 2 turns
  5137 | D:3      | Killed Eustachio
  5137 | D:3      | Reached skill level 5 in Air Magic
  5137 | D:3      | Reached XP level 7. HP: 34/36 MP: 12/18
  5233 | D:4      | Reached skill level 6 in Conjurations
  5760 | D:5      | Entered Level 5 of the Dungeon
  5872 | D:5      | Reached skill level 7 in Conjurations
  5903 | D:5      | Reached XP level 8. HP: 36/41 MP: 13/20
  6018 | D:5      | Found a staircase to the Ecumenical Temple.
  6047 | Temple   | Entered the Ecumenical Temple
  6066 | Temple   | Became a worshipper of Sif Muna the Loreminder
  6126 | D:5      | Found an iron altar of Okawaru.
  6337 | D:5      | Reached skill level 8 in Conjurations
  6371 | D:5      | Learned a level 2 spell: Throw Flame
  6651 | D:6      | Acquired Sif Muna's first power
  6660 | D:6      | Reached skill level 9 in Conjurations
  7393 | D:6      | Noticed Jessica
  7395 | D:6      | Killed Jessica
  7404 | D:6      | Found a deep blue altar of Sif Muna.
  7593 | D:7      | Waterpls: :3
  7593 | D:7      | JacquesDerrida: ВЖ ВЖ ВЖ
  7593 | D:7      | JacquesDerrida: :D :D :D
  7593 | D:7      | JacquesDerrida: Да
  7593 | D:7      | Reached XP level 9. HP: 29/45 MP: 12/21
  7594 | D:7      | JacquesDerrida: Машина-торнадо!
  7594 | D:7      | JacquesDerrida: Почти как мен-машин у крафтверка!
  7730 | D:7      | Found a white marble altar of Elyvilon.
  7743 | D:7      | Reached skill level 10 in Conjurations
  7809 | D:7      | Waterpls: ... умирает от одного выстрела яктавра-капитана
  7813 | D:7      | JacquesDerrida: naaah
  7813 | D:7      | JacquesDerrida: Броню прокачаю
  7813 | D:7      | JacquesDerrida: 20 единиц
  7813 | D:7      | JacquesDerrida: 20 единиц евейжена еще
  7813 | D:7      | JacquesDerrida: И все станет хорошо
  7835 | D:7      | Waterpls: кстати эти читеры как-то прошибвают даже 40+ АС
  7843 | D:7      | Acquired Sif Muna's second power
  7886 | D:7      | JacquesDerrida: Разгадка одна -- элементальные стрелы
  7958 | D:7      | Reached skill level 10 in Air Magic
  7970 | D:7      | Reached skill level 5 in Spellcasting
  8248 | D:7      | JacquesDerrida: fak mai lyfe
  8257 | D:7      | Got a pair of heavily runed boots
  8260 | D:7      | Identified the +1 pair of boots of Mysticism {rPois Dam-4} (You found it on level 7 of the Dungeon)
  8261 | D:7      | JacquesDerrida: щииииет
  8471 | D:8      | Noticed Duvessa
  8471 | D:8      | Noticed Dowan
  8482 | D:8      | Killed Duvessa
  8484 | D:8      | Killed Dowan
  8507 | D:8      | Reached skill level 11 in Air Magic
  8655 | D:8      | Noticed Joseph
  8669 | D:8      | Killed Joseph
  8669 | D:8      | Reached XP level 10. HP: 25/50 MP: 3/25
  9161 | D:8      | Reached skill level 12 in Air Magic
  9443 | D:8      | Acquired Sif Muna's third power
 10148 | D:9      | Noticed Prince Ribbit
 10157 | D:9      | Killed Prince Ribbit
 10157 | D:9      | Reached skill level 13 in Air Magic
 10286 | D:9      | Found a bloodstained altar of Trog.
 10537 | D:9      | Found Javvayla's Food Boutique.
 10893 | D:10     | Entered Level 10 of the Dungeon
 10893 | D:10     | Found a bloodstained altar of Trog.
 10895 | D:10     | Noticed JogiH's ghost (experienced DjFE)
 11128 | D:10     | Reached XP level 11. HP: 50/54 MP: 13/28
 11303 | D:10     | Reached skill level 14 in Air Magic
 11447 | D:10     | Noticed a hill giant
 11685 | D:10     | Found Shroa's Armour Shop.
 11695 | D:10     | Bought a +2 cloak of poison resistance for 224 gold pieces
 12017 | D:10     | Killed a hill giant
 12182 | D:10     | Reached skill level 5 in Dodging
 13900 | D:11     | Noticed a hill giant
 13960 | D:11     | Killed a hill giant
 14223 | D:11     | Found a staircase to the Orcish Mines.
 14314 | D:11     | Identified a scroll of acquirement
 14317 | D:11     | Got a pair of ichor-stained gloves
 14320 | D:11     | Identified the +2 pair of gloves "Ziurheusch" {+Blink MR++ Acc+5 Dam+4} (You acquired it on level 11 of the Dungeon)
 14320 | D:11     | JacquesDerrida: Фигасе окавайрмент!
 14320 | D:11     | JacquesDerrida: Теперь гибрида придется делать!
 14320 | D:11     | JacquesDerrida: ПЕРЧАТКИ ВОЙНЫЙ ПЛЮС
 14320 | D:11     | JacquesDerrida: ВОЙНЫ
 14563 | D:12     | Noticed Nergalle
 14572 | D:12     | Found a labyrinth entrance.
 14582 | D:12     | Killed Nergalle
 14584 | Lab      | Entered a labyrinth
 14661 | Lab      | Noticed Donald
 14661 | Lab      | JacquesDerrida: Ябнулись, шоль
 14661 | Lab      | JacquesDerrida: Это ж как такое
 14661 | Lab      | Cast into the Abyss (Donald)
 14827 | Abyss:1  | Learned a level 3 spell: Flight
 14827 | Abyss:1  | Found a deep blue altar of Sif Muna.
 14834 | Abyss:1  | Noticed a thrashing horror
 14844 | Abyss:1  | Noticed a hell knight
 14874 | Abyss:1  | Noticed an eidolon
 14890 | Abyss:1  | Noticed a black draconian
 14940 | Abyss:1  | Noticed a tentacled starspawn
 14940 | Abyss:1  | Noticed a large abomination
 14944 | Abyss:1  | Noticed a thrashing horror
 14946 | Abyss:1  | Noticed a lich
 14991 | Abyss:1  | Noticed an eidolon
 15003 | Abyss:1  | Got a distressingly furry robe
 15007 | Abyss:1  | Killed from afar by an eidolon

Action                   |  1- 3 |  4- 6 |  7- 9 | 10-12 || total
-------------------------+-------+-------+-------+-------++-------
Melee: Unarmed           |     4 |       |       |       ||     4
       Dagger            |    51 |    55 |       |       ||   106
       Hammer            |       |     9 |    53 |    68 ||   130
       Trident           |       |       |       |     2 ||     2
 Cast: Shock             |    54 |   137 |   253 |   426 ||   870
       Static Discharge  |       |     8 |     5 |     7 ||    20
       Lightning Bolt    |       |     1 |    10 |    29 ||    40
       Throw Flame       |       |       |    16 |    22 ||    38
       Repel Missiles    |       |       |     5 |     8 ||    13
       Swiftness         |       |       |     1 |     9 ||    10
       Flight            |       |       |       |     1 ||     1
Evoke: Wand              |       |       |     4 |     7 ||    11
  Use: Potion            |       |     5 |     5 |     8 ||    18
       Scroll            |       |     1 |     3 |    25 ||    29
 Stab: Sleeping          |       |     1 |       |       ||     1
